 Dungeon Crawl Stone Soup version 0.19.0-1-g5985abe (webtiles) character file.

663 varam the Slasher (level 7, -1/52 HPs)
             Began as a Demonspawn Abyssal Knight on Nov 2, 2016.
             Was a Believer of Lugonu.
             Slain by an ogre
             ... wielding a +0 giant club
              (21 damage)
             ... on level 5 of the Dungeon.
             The game lasted 00:09:56 (5467 turns).

varam the Slasher (Demonspawn Abyssal Knight)       Turns: 5467, Time: 00:09:57

Health: -1/52      AC: 10    Str: 12    XL:     7   Next: 31%
Magic:  11/11      EV: 11    Int: 14    God:    Lugonu [**....]
Gold:   298        SH:  0    Dex: 14    Spells: 0 memorised, 6 levels left

rFire  + . .     SeeInvis .     a - +1 falchion
rCold  . . .     Gourm    +     b - +0 leather armour
rNeg   . . .     Faith    .     (no shield)
rPois  .         Spirit   .     G - +2 helmet
rElec  .         Reflect  .     (no cloak)
rCorr  .         Harm     .     (no gloves)
MR     .....                    (no boots)
Stlth  +.........               y - amulet of the gourmand
                                m - ring of protection from fire
                                r - +4 ring of protection

@: no status effects
A: claws 1, powered by pain 1
a: Depart the Abyss, Bend Space, Renounce Religion


You were on level 5 of the Dungeon.
You worshipped Lugonu.
Lugonu was pleased with you.
You were full.

You visited 1 branch of the dungeon, and saw 5 of its levels.
You visited the Abyss 1 time.

You collected 298 gold pieces.

Inventory:

Hand Weapons
 a - a +1 falchion (weapon)
Armour
 b - a +0 leather armour (worn)
 G - a +2 helmet (worn)
Jewellery
 i - an uncursed ring of see invisible
 m - a ring of protection from fire (right claw)
 r - a +4 ring of protection (left claw)
 y - an amulet of the gourmand (around neck)
Wands
 A - a wand of flame (0/48)
Scrolls
 e - 4 scrolls of enchant armour {unknown}
 f - 2 scrolls of identify {unknown}
 g - 3 scrolls of remove curse {unknown}
 j - 2 scrolls of teleportation {unknown}
 s - a scroll of blinking {unknown}
 u - a scroll of enchant weapon {unknown}
 v - 2 scrolls of noise {unknown}
 x - 2 scrolls of fog {unknown}
 B - a scroll of magic mapping {unknown}
 D - 2 scrolls of amnesia {unknown}
 E - a scroll of fear {unknown}
 F - a scroll of immolation {unknown}
Potions
 c - a potion of cancellation {unknown}
 h - a potion of haste {unknown}
 k - a potion of curing {unknown}
 n - 2 potions of agility {unknown}
 o - a potion of berserk rage {unknown}
 p - a potion of resistance {unknown}
 q - a potion of might {unknown}
 t - 4 potions of degeneration {unknown}
 w - 3 potions of mutation {unknown}
 z - a potion of lignification {unknown}
Comestibles
 d - a beef jerky
 l - 4 meat rations


   Skills:
 - Level 3.0 Fighting
 + Level 6.4 Long Blades
 - Level 1.7 Armour
 - Level 0.8 Dodging
 - Level 6.0 Invocations


You had 6 spell levels left.
You didn't know any spells.

Dungeon Overview and Level Annotations

Branches:
Dungeon (5/15)             Temple (0/1) D:4

Altars:
Ashenzari
Makhleb
Vehumet

Annotations:
D:2 Sigmund
D:4 Eustachio
D:5 Menkaure


Innate Abilities, Weirdness & Mutations

You have sharp fingernails.
You sometimes gain a little power by taking damage.


Message History

An ogre comes into view. It is wielding a giant club.
The ogre shouts!
A worker ant zombie comes into view.
You see here a giant club.
A leopard gecko zombie comes into view.
Found an escape hatch in the floor.
You see here a quokka skeleton.
An adder skeleton comes into view.
The adder skeleton bites you but does no damage.
Found a scroll labeled UMAOPT RAUMP.
Found a stone staircase leading down.
Menkaure shouts!
Menkaure rustles a few words.
Menkaure gestures at you while chanting.
You struggle to resist.
Found a chain mail.
Menkaure calls on the powers of darkness!
Your body is wracked with pain!
The ogre convulses!
The ogre hits you with a giant club!!
You die...

##########....##
......#......#############
......#.###.## #.....<...#
......#.##.(# #..<......#
........##.## #.........#
#....#####.# #.........#
#..### #.# #.........#
#..# #.### #%M.......#
#..# #.#.###@.....(..#
...# ##.#..ZO.........#
..## #..#.##..........#
#.# #.##.###........ #.#
#.##Z# #.[.##### #.#
#.##.###.?.# #.####
#.##.......# #...>#
#.##Z###...>
####.####.##.#...###.


You could see an ogre, Menkaure and an adder skeleton.

Vanquished Creatures
  A phantom (D:4)
  An ogre (D:5)
  A centaur (D:5)
  2 crimson imps
  An orc wizard (D:4)
  2 hounds (D:4)
  Natasha (D:4)
  2 worker ants (D:5)
  A hound skeleton (D:3)
  A howler monkey skeleton (D:5)
  5 adders
  An ooze (D:1)
  An adder skeleton (D:4)
  4 worms
  2 dart slugs
  3 leopard geckos
  5 orcs
  7 giant cockroaches
  3 hobgoblins
  4 jackals
  4 quokkas
  A ball python (D:3)
  6 bats
  3 frilled lizards
  5 goblins
  7 kobolds
  4 rats
78 creatures vanquished.

Vanquished Creatures (others)
  An orc wizard (D:4)
  An orc (D:5)
2 creatures vanquished.

Grand Total: 80 creatures vanquished

Notes
Turn   | Place    | Note
-------+----------+-------------------------------------------
     0 | Abyss:1  | varam the Demonspawn Abyssal Knight began the quest for the Orb.
     0 | Abyss:1  | Reached XP level 1. HP: 18/18 MP: 2/2
    41 | Abyss:1  | Noticed a large abomination
    47 | D:1      | Escaped the Abyss
    77 | D:1      | Reached skill level 2 in Long Blades
    97 | D:1      | Reached skill level 3 in Invocations
   108 | D:1      | Gained mutation: You sometimes gain a little power by taking damage. [demonic ancestry]
   108 | D:1      | Reached XP level 2. HP: 19/24 MP: 2/4
   183 | D:1      | Reached * piety under Lugonu
   409 | D:1      | Reached XP level 3. HP: 13/29 MP: 5/5
  1186 | D:2      | Found a shattered altar of Ashenzari.
  1190 | D:2      | Saw a vision of the Swamp and the Snake Pit.
  1190 | D:2      | Noticed a mana viper
  1190 | D:2      | Noticed a hornet
  1190 | D:2      | Noticed a naga ritualist
  1190 | D:2      | Noticed an alligator
  1191 | D:2      | Noticed a naga
  1191 | D:2      | Noticed a naga
  1193 | D:2      | Noticed an alligator
  1306 | D:2      | Noticed Sigmund
  1336 | D:3      | Reached skill level 4 in Invocations
  1380 | D:3      | Reached skill level 3 in Long Blades
  1458 | D:3      | Reached XP level 4. HP: 27/35 MP: 7/7
  1639 | D:3      | Found a radiant altar of Vehumet.
  1640 | D:3      | Found a burning altar of Makhleb.
  2072 | D:3      | Reached XP level 5. HP: 37/41 MP: 8/8
  2635 | D:4      | Noticed a phantom
  3026 | D:3      | Reached skill level 5 in Invocations
  3243 | D:4      | Noticed Natasha
  3257 | D:4      | Killed Natasha
  3257 | D:4      | Reached skill level 4 in Long Blades
  3361 | D:5      | Entered Level 5 of the Dungeon
  3544 | D:4      | Killed a phantom
  3544 | D:4      | Reached skill level 6 in Invocations
  3544 | D:4      | Reached XP level 6. HP: 26/47 MP: 10/10
  3725 | D:4      | Found a staircase to the Ecumenical Temple.
  4212 | D:4      | Noticed Eustachio
  4715 | D:4      | Reached skill level 5 in Long Blades
  4857 | D:4      | Reached ** piety under Lugonu
  5217 | D:5      | Reached skill level 6 in Long Blades
  5217 | D:5      | Gained mutation: You have sharp fingernails. [demonic ancestry]
  5217 | D:5      | Reached XP level 7. HP: 42/52 MP: 11/11
  5345 | D:5      | Noticed Menkaure
  5467 | D:5      | Slain by an ogre

Skill      XL: |  1  2  3  4  5  6 |
---------------+-------------------+-----
Long Blades    | 2 3 4 6 |  6.4
Invocations    | 3 4 6 |  6.0
Fighting       | |  3.0
Armour         | |  1.7
Dodging        | |  0.8

Action                   |  1- 3 |  4- 6 |  7- 9 || total
-------------------------+-------+-------+-------++-------
Melee: Falchion          |   118 |   252 |    29 ||   399
Invok: Depart the Abyss  |     1 |       |       ||     1
  Eat: Chunk             |     1 |     9 |     2 ||    12
       Bread ration      |       |     2 |       ||     2
Armor: Leather armour    |    61 |   134 |    12 ||   207
Dodge: Dodged            |    89 |   186 |    13 ||   288
       Rpst.: Falchion   |    38 |    49 |     3 ||    90
